 Dungeon Crawl Stone Soup version 0.31-a0-1074-g0b22e4e0f1 (webtiles) character file.

Game seed: 9730675146141601488

76897 pokeman the Sorcerer (level 15, -1/84 HPs)
             Began as a Deep Elf Hedge Wizard on Dec 2, 2023.
             Was a High Priest of Vehumet.
             Killed from afar by an ice statue (10 damage)
             ... with a bolt of cold
             ... in an ice cave on Dec 3, 2023.
             The game lasted 01:10:07 (26498 turns).

pokeman the Sorcerer (Deep Elf Hedge Wizard)       Turns: 26498, Time: 01:10:08

Health: -1/84      AC: 20    Str: 11    XL:     15   Next: 13%
Magic:  29/43      EV:  9    Int: 27    God:    Vehumet [*****.]
Gold:   252        SH:  5    Dex: 12    Spells: 16/59 levels left

rFire   + . .        F - +12 long sword "Xyrecy Gyt" {speed, rCorr Str+4 Dex-2}
rCold   + . .        N - +0 buckler
rNeg    . . .        W - +2 scale mail {rC+}
rPois   .            h - +2 helmet
rElec   .            R - +0 cloak
rCorr   +            V - +0 pair of gloves
SInv    .            c - +0 pair of boots
Will    +....        x - amulet of magic regeneration
Stlth   +            I - ring of protection from fire
HPRegen 0.34/turn    J - +4 ring of protection
MPRegen 0.68/turn

%: no passive effects
@: very slightly contaminated
A: no striking features
a: Renounce Religion


You were in an ice cave.
You worshipped Vehumet.
Vehumet was extremely pleased with you.
You visited 3 branches of the dungeon, and saw 20 of its levels.
You also visited: Ice Cave.

You collected 1196 gold pieces.
You spent 944 gold pieces at shops.

Inventory:

Hand Weapons
 F - the +12 long sword "Xyrecy Gyt" (weapon) {speed, rCorr Str+4 Dex-2}
   (You found it on level 7 of the Dungeon)

   Str+4:     It affects your strength (+4).
   Dex-2:     It affects your dexterity (-2).
   rCorr:     It protects you from acid and corrosion.
Missiles
 y - 3 curare-tipped darts
Armour
 c - a +0 pair of boots (worn)
 h - a +2 helmet (worn)
 N - a +0 buckler (worn)
 R - a +0 cloak (worn)
 V - a +0 pair of gloves (worn)
 W - a +2 scale mail of cold resistance (worn)
 X - a +3 scale mail of poison resistance
 Y - a +2 kite shield of cold resistance
Jewellery
 x - an amulet of magic regeneration (around neck)
 B - a ring of positive energy
 C - an amulet of reflection
 I - a ring of protection from fire (left hand)
 J - a +4 ring of protection (right hand)
 O - a ring of protection from fire
 S - a ring of fire
Wands
 s - a wand of polymorph (10)
 t - a wand of flame (41)
 K - a wand of roots (1)
 T - a wand of paralysis (10)
Scrolls
 b - 2 scrolls of enchant weapon
 e - 6 scrolls of teleportation
 f - 4 scrolls of summoning
 i - 2 scrolls of acquirement
 l - a scroll of amnesia
 n - 4 scrolls of fear
 r - 2 scrolls of silence
 v - 3 scrolls of revelation
 w - 3 scrolls of fog
 A - 3 scrolls of enchant armour {unknown}
 G - 4 scrolls of immolation {unknown}
 H - a scroll of noise {unknown}
 U - 2 scrolls of blinking {unknown}
 Z - a scroll of poison {unknown}
Potions
 a - 2 potions of haste {unknown}
 d - a potion of magic
 g - 7 potions of enlightenment
 j - a potion of invisibility {unknown}
 k - a potion of attraction {unknown}
 m - 2 potions of berserk rage {unknown}
 o - 3 potions of might {unknown}
 p - a potion of experience {unknown}
 q - 6 potions of heal wounds {unknown}
 u - 7 potions of curing
 z - 5 potions of mutation {unknown}
 D - 3 potions of resistance {unknown}
 E - 3 potions of brilliance {unknown}
 M - a potion of lignification {unknown}
Miscellaneous
 L - a sack of spiders
 P - a phial of floods
 Q - a phantom mirror


   Skills:
 - Level 6.0 Fighting
 + Level 6.0 Armour
 - Level 3.2 Dodging
 - Level 3.0 Stealth
 - Level 6.3 Shields
 * Level 22.7 Spellcasting
 + Level 14.0 Conjurations
 - Level 1.1 Summonings
 - Level 1.1 Translocations
 - Level 1.1 Transmutations
 + Level 10.6 Fire Magic
 - Level 1.0 Air Magic
 - Level 1.0 Poison Magic
 - Level 1.0 Evocations


You had 16 spell levels left.
You knew the following spells:

 Your Spells              Type           Power      Damage    Failure   Level
a - Magic Dart            Conj           100%       1d8       1%          1
b - Mephitic Cloud        Conj/Pois/Air  56%        N/A       1%          3
c - Call Imp              Summ           72%        N/A       8%          2
d - Blink                 Tloc           72%        N/A       8%          2
e - Fireball              Conj/Fire      39%        3d16      1%          5
f - Iskenderun's Battles  Conj           82%        2d13      1%          5
g - Irradiate             Conj/Tmut      32%        3d22      2%          5
h - Flame Wave            Conj/Fire      78%        2d17      1%          4
i - Ignite Poison         Fire/Tmut/Pois 52%        N/A       1%          3
j - Orb of Destruction    Conj           41%        9d11      5%          7
k - Bombard               Conj/Erth      31%        9d6       17%         6

Your spell library contained the following spells:

 Spells                   Type           Power      Damage    Failure   Level
 Dazzling Flash           Conj/Hex       100%       N/A       1%          3
 Hailstorm                Conj/Ice       62%        3d13      1%          3
 Brom's Barrelling Bould  Conj/Erth      62%        2d8       1%          4
 Freeze                   Ice            100%       1d10      2%          1
 Poisonous Vapours        Pois/Air       72%        N/A       2%          2
 Wereblood                Tmut           37%        N/A       7%          2
 Slow                     Hex            100%       N/A       8%          1
 Cigotuvi's Dreadful Rot  Necr/Pois/Air  68%        N/A       9%          2
 Passwall                 Tmut/Erth      27%        N/A       9%          2
 Conjure Ball Lightning   Conj/Air       31%        3x3d10    14%         6
 Manifold Assault         Tloc           36%        N/A       43%         4
 Passage of Golubria      Tloc           36%        N/A       43%         4
 Animate Dead             Necr           30%        N/A       58%         4
 Alistair's Intoxication  Tmut/Pois      24%        N/A       80%         5
 Eringya's Noxious Bog    Tmut/Pois      18%        4d6       85%         6
 Silence                  Hex/Air        16%        N/A       86%         5
 Summon Mana Viper        Hex/Summ       33%        N/A       86%         5
 Agony                    Necr           30%        N/A       91%         5
 Lehudib's Crystal Spear  Conj/Erth      31%        10d8      99%         8
 Haunt                    Necr/Summ      16%        N/A       100%        7
 Summon Hydra             Summ           18%        N/A       100%        7
 Infestation              Necr           15%        N/A       100%        8


Dungeon Overview and Level Annotations

Branches:
Dungeon (15/15) Temple (1/1) D:4 Lair (4/5) D:11 Swamp (0/4) Lair:2 Snake (0/4) Lair:2 Slime (0/5) Lair:4 Orc (0/2) D:10 Vaults (0/5) D:13 D:14 Depths (0/4) D:15 IceCv (1/1)

Altars:
Ashenzari
Cheibriados
Dithmenos
Elyvilon
Fedhas
Gozag
Hepliaklqana
Kikubaaqudgha
Makhleb
Nemelex Xobeh
Okawaru
Qazlal
Ru
Sif Muna
Trog
Uskayaw
Vehumet
Wu Jian
Xom
Yredelemnul
Zin
The Shining One

Shops:
D:2 !:[   D:4 *   D:5 =   D:13 (   D:15 *

Annotations:
D:12 Jorgrun
D:13 1 runed translucent door, Ekaitz's ghost, journeyman TeAE IceCv 1 transporter, exclusion: 2 ice statues


Message History

The bolt of cold misses you.
The ice statue gestures.
Unknown command.
Okay, then.
Unknown command.
Casting: Fireball (mildly dangerous; 1% risk of failure)
Confirm with . or Enter, or press ? or * to list all spells.
Aiming: Mephitic Cloud (safe; 1% risk of failure)
Press: ? - help, Shift-Dir - straight line, f - white ugly thing
Aim: a white ugly thing (moderately wounded, chance to affect: 43%)
Okay, then.
Unknown command.
Unknown command.
Casting: Mephitic Cloud (safe; 1% risk of failure)
Confirm with . or Enter, or press ? or * to list all spells.
Aiming: Fireball (mildly dangerous; 1% risk of failure)
Press: ? - help, Shift-Dir - straight line, f/p - white ugly thing
Aim: a white ugly thing (moderately wounded)
Okay, then.
Unknown command.
Casting: Fireball (mildly dangerous; 1% risk of failure)
Confirm with . or Enter, or press ? or * to list all spells.
You erupt in a fountain of uncontrolled magic!
The white ugly thing is blasted with magical radiation!!!
You kill the white ugly thing!
Vehumet accepts your kill.
You feel your power returning.
You are very lightly contaminated with residual magic.
The ice statue gestures.
Your Armour skill increases to level 6!
Unknown command.
Casting: Irradiate (dangerous; 2% risk of failure)
Confirm with . or Enter, or press ? or * to list all spells.
Aiming: Fireball (mildly dangerous; 1% risk of failure)
Press: ? - help, Shift-Dir - straight line You miscast Fireball.
Nothing appears to happen.
You feel ready to blink again. The ice statue gestures at you.
The bolt of cold hits you! You resist.
You die...

###############
#©..8.)!!.8..∩#
#..Y..Y):.....#
#8.........8#
#8....†..8#
#8..©.@8#
###########
##...8©8...##
#...).©.....#
##...........##
#.............#
#....8...8....#
#.............#
##...........##


You could see 2 ice statues and 2 ice beasts.

Vanquished Creatures
  Gastronok (Lair:1)
  A tengu reaver (D:14)
  Nessos (Lair:4)
  Snorg (Lair:4)
  A fire dragon (D:15)
  An ice dragon (D:15)
  2 hydras
  7 centaur warriors
  An ogre mage (D:15)
  2 catoblepae (D:15)
  3 boulder beetles
  3 two-headed ogres
  A tengu warrior (D:14)
  3 death yaks (D:11)
  2 deep troll earth magi (D:14)
  Urug (D:13)
  Sonja (Lair:1)
  Amaemon (Lair:1)
  A fire crab (Lair:2)
  A skyshark (Lair:2)
  A skeletal warrior (D:14)
  2 orc knights
  2 deep elf pyromancers
  22 ugly things
  3 manticores
  7 cyclopes
  12 elephants (Lair:2)
  5 black mambas
  A torpor snail (Lair:4)
  A gargoyle (D:10)
  10 cane toads
  An orange demon (Lair:1)
  3 unseen horrors
  A rime drake (Lair:2)
  6 komodo dragons
  2 efreet
  A komodo dragon (shapeshifter) (D:15)
  A burning bush (Lair:4)
  3 tengu conjurers (D:14)
  2 hornets (D:9)
  7 trolls
  Prince Ribbit (D:7)
  7 blink frogs
  2 polar bears
  5 dream sheep (Lair:3)
  A shadow (D:11)
  5 slime creatures
  6 wyverns
  16 humans
  4 wraiths
  2 steam dragons
  24 yaks
  4 basilisks
  3 nagas (Lair:2)
  A swamp worm (D:12)
  22 vampire mosquitoes
  An acid dragon (D:14)
  8 water moccasins
  3 black bears
  7 orc warriors
  2 ice beasts
  3 ogres
  16 centaurs
  27 wolves
  A phantom (D:4)
  2 kobold brigands (D:8)
  Blork the orc (D:4)
  13 bullfrogs
  5 scorpions
  A gnoll sergeant (D:7)
  A cane toad simulacrum (IceCv)
  7 wights
  An elephant simulacrum (IceCv)
  8 killer bees
  4 howler monkeys
  2 electric eels (Lair:2)
  10 jellies
  A hound (D:5)
  4 orc priests
  2 gnoll boudas (D:6)
  2 sleepcaps
  3 iguanas
  12 orc wizards
  6 hell rats
  2 wolf simulacra (IceCv)
  5 adders
  13 gnolls
  A river rat (D:11)
  2 shadow imps
  4 white imps
  2 ufetubi (D:6)
  A worm (D:2)
  2 dart slugs
  32 orcs
  6 ball pythons
  6 endoplasms
  3 giant cockroaches
  7 goblins
  3 hobgoblins
  8 jackals
  19 kobolds
  3 quokkas
  5 bats
  3 frilled lizards
  3 rats (D:2)
514 creatures vanquished.

Vanquished Creatures (collateral kills)
  A wraith (D:9)
  A sleepcap (D:5)
  3 gnolls
5 creatures vanquished.

Vanquished Creatures (others)
  A deep elf pyromancer (D:14)
  A sky beast (D:7)
2 creatures vanquished.

Grand Total: 521 creatures vanquished

Notes
Turn   | Place    | Note
-------+----------+-------------------------------------------
     0 | D:1      | pokeman the Deep Elf Hedge Wizard began the quest for the
                  | Orb.
     0 | D:1      | Reached XP level 1. HP: 10/10 MP: 7/7
   428 | D:1      | Reached XP level 2. HP: 16/16 MP: 6/9
  1060 | D:2      | Reached skill level 5 in Spellcasting
  1205 | D:2      | Found a faded altar of an unknown god.
  1290 | D:2      | Reached XP level 3. HP: 20/20 MP: 7/11
  1294 | D:2      | Learned a level 3 spell: Mephitic Cloud
  1297 | D:2      | Learned a level 2 spell: Call Imp
  1300 | D:2      | Learned a level 2 spell: Blink
  1501 | D:2      | Found Comuod's Book Shoppe.
  1501 | D:2      | Found Upsey's Distillery.
  1567 | D:2      | Found Ygreadergh's Antique Armour Emporium.
  1582 | D:2      | Reached skill level 1 in Fighting
  1806 | D:3      | Reached skill level 1 in Armour
  1806 | D:3      | Reached XP level 4. HP: 25/25 MP: 2/13
  2139 | D:3      | You fall into a shaft and drop 3 floors!
  2168 | D:6      | Noticed a centaur
  2187 | D:6      | Killed a centaur
  2188 | D:6      | Reached skill level 6 in Spellcasting
  2188 | D:6      | Reached XP level 5. HP: 10/29 MP: 9/15
  2392 | D:6      | Noticed an ice beast
  2395 | D:6      | Got the Cyclopedia of Niveous Beckoning
  2495 | D:6      | Reached skill level 1 in Poison Magic
  2500 | D:6      | Reached XP level 6. HP: 22/34 MP: 6/17
  2501 | D:6      | Reached skill level 1 in Air Magic
  2559 | D:6      | Found a snail-covered altar of Cheibriados.
  2678 | D:6      | Reached skill level 7 in Spellcasting
  2984 | D:5      | Entered Level 5 of the Dungeon
  3009 | D:6      | Reached skill level 8 in Spellcasting
  3009 | D:6      | Reached XP level 7. HP: 40/40 MP: 8/20
  3086 | D:5      | Found a hazy altar of Hepliaklqana.
  3107 | D:4      | Noticed Blork the orc
  3131 | D:4      | Killed Blork the orc
  4298 | D:4      | Reached skill level 9 in Spellcasting
  4386 | D:4      | Found a staircase to the Ecumenical Temple.
  4393 | Temple   | Entered the Ecumenical Temple
  4412 | D:4      | Reached XP level 8. HP: 39/44 MP: 12/23
  4509 | D:4      | Found an opulent altar of Gozag.
  4617 | D:4      | Found Gozag's Platinum Reserve.
  4845 | D:5      | Found a sparkling altar of Nemelex Xobeh.
  4987 | D:5      | Found Uxzuzxu's Jewellery Boutique.
  5036 | D:5      | Reached skill level 5 in Conjurations
  5121 | D:5      | Reached skill level 1 in Evocations
  5175 | D:5      | Reached skill level 10 in Spellcasting
  5403 | D:5      | Identified the +0 ring mail "Qeekkou" {rPois rF- Dex+9}
  7074 | D:7      | Reached skill level 11 in Spellcasting
  7198 | D:7      | Found a radiant altar of Vehumet.
  7227 | D:7      | Became a worshipper of Vehumet
  7273 | D:7      | Reached XP level 9. HP: 49/49 MP: 13/26
  7795 | D:7      | Found a burning altar of Makhleb.
  7795 | D:7      | Found a blossoming altar of Fedhas.
  7801 | D:7      | Found a shadowy altar of Dithmenos.
  7830 | D:7      | Found a glowing golden altar of the Shining One.
  7832 | D:7      | Found a shimmering altar of Xom.
  7833 | D:7      | Found an ancient bone altar of Kikubaaqudgha.
  7833 | D:7      | Found an ornate altar of the Wu Jian Council.
  7835 | D:7      | Found a basalt altar of Yredelemnul.
  7836 | D:7      | Found a bloodstained altar of Trog.
  7837 | D:7      | Found a glowing silver altar of Zin.
  7911 | D:7      | Noticed Prince Ribbit
  7925 | D:7      | Killed Prince Ribbit
  7926 | D:7      | Reached skill level 12 in Spellcasting
  8233 | D:7      | Reached * piety under Vehumet
  8233 | D:7      | Offered knowledge of Sandblast by Vehumet.
  8320 | D:7      | Identified the +12 long sword "Xyrecy Gyt" {speed, rCorr
                  | Str+4 Dex-2}
  8531 | D:7      | Reached skill level 13 in Spellcasting
  9072 | D:8      | Reached XP level 10. HP: 54/56 MP: 25/29
  9091 | D:8      | Noticed a manticore
  9131 | D:8      | Killed a manticore
  9492 | D:8      | Got the Precepts of Nausea and Transformation
  9582 | D:9      | Reached skill level 14 in Spellcasting
  9659 | D:9      | Found a white marble altar of Elyvilon.
  9854 | D:9      | Reached ** piety under Vehumet
 10407 | D:9      | Offered knowledge of Static Discharge by Vehumet.
 10553 | D:9      | Reached skill level 15 in Spellcasting
 10569 | D:9      | Reached skill level 5 in Armour
 10958 | D:10     | Entered Level 10 of the Dungeon
 10990 | D:10     | Reached XP level 11. HP: 61/61 MP: 28/32
 11155 | D:10     | Offered knowledge of Ignite Poison by Vehumet.
 11166 | D:10     | Learned a level 3 spell: Ignite Poison
 11274 | D:10     | Reached skill level 16 in Spellcasting
 11289 | D:10     | Reached skill level 1 in Transmutations
 11289 | D:10     | Reached skill level 1 in Fire Magic
 11572 | D:10     | Found a staircase to the Orcish Mines.
 12131 | D:11     | Reached *** piety under Vehumet
 12194 | D:11     | Noticed a two-headed ogre
 12224 | D:11     | Killed a two-headed ogre
 12387 | D:11     | Reached skill level 5 in Fighting
 12693 | D:11     | Offered knowledge of Flame Wave by Vehumet.
 12699 | D:11     | Learned a level 4 spell: Flame Wave
 12708 | D:11     | Reached skill level 10 in Conjurations
 12841 | D:11     | Noticed a death yak
 12846 | D:11     | Noticed a death yak
 12846 | D:11     | Noticed a death yak
 12856 | D:11     | Killed a death yak
 12857 | D:11     | Reached skill level 17 in Spellcasting
 12866 | D:11     | Killed a death yak
 12867 | D:11     | Killed a death yak
 13046 | D:11     | Learned a level 5 spell: Irradiate
 13224 | D:11     | Found a staircase to the Lair.
 13643 | D:11     | Noticed a two-headed ogre
 13651 | D:11     | Killed a two-headed ogre
 13839 | D:12     | Noticed Jorgrun
 13891 | D:12     | Reached XP level 12. HP: 48/69 MP: 32/35
 14877 | D:13     | Reached skill level 5 in Fire Magic
 14923 | D:13     | Noticed a centaur warrior
 14929 | D:13     | Killed a centaur warrior
 14930 | D:13     | Reached skill level 18 in Spellcasting
 15006 | D:13     | Reached skill level 1 in Shields
 15126 | D:13     | Noticed a centaur warrior
 15138 | D:13     | Killed a centaur warrior
 15233 | D:13     | Found Wiutatsaku's Antique Weapon Shop.
 15244 | D:13     | Noticed a boulder beetle
 15265 | D:13     | Killed a boulder beetle
 15562 | D:13     | Found a runed translucent door.
 15580 | D:13     | Found a shimmering altar of Xom.
 15580 | D:13     | Noticed Ekaitz's ghost (journeyman TeAE)
 15781 | D:13     | Reached **** piety under Vehumet
 16065 | D:14     | Noticed a two-headed ogre
 16065 | D:14     | Noticed Urug
 16065 | D:14     | Noticed a centaur warrior
 16065 | D:14     | Found a gate to the Vaults.
 16067 | D:14     | Noticed a centaur warrior
 16162 | D:14     | Noticed a boulder beetle
 16177 | D:14     | Offered knowledge of Iskenderun's Mystic Blast by Vehumet.
 16178 | D:14     | Reached skill level 19 in Spellcasting
 16188 | D:14     | Killed a centaur warrior
 16390 | D:13     | Killed Urug
 16681 | D:13     | Killed a two-headed ogre
 16682 | D:13     | Reached XP level 13. HP: 74/74 MP: 28/38
 17440 | D:14     | Noticed a tengu reaver
 17627 | D:14     | Killed a tengu reaver
 17628 | D:14     | Reached skill level 20 in Spellcasting
 17786 | D:14     | Identified the amulet of the Evil One {Regen+ Dex+2}
 18006 | D:14     | Reached ***** piety under Vehumet
 18141 | D:14     | Offered knowledge of Fulminant Prism by Vehumet.
 19121 | D:2      | Bought a book of the Spheres for 768 gold pieces
 19126 | D:2      | Bought a potion of degeneration for 14 gold pieces
 19126 | D:2      | Bought a potion of curing for 42 gold pieces
 19206 | Temple   | Learned a level 5 spell: Fireball
 19212 | Temple   | Learned a level 5 spell: Iskenderun's Battlesphere
 19220 | Temple   | Learned a level 7 spell: Orb of Destruction
 19427 | D:15     | Entered Level 15 of the Dungeon
 19435 | D:14     | Reached skill level 5 in Shields
 20015 | D:15     | Reached XP level 14. HP: 65/80 MP: 0/40
 20293 | D:15     | Reached skill level 21 in Spellcasting
 20668 | D:15     | Found Iwawkygh's Assorted Antiques.
 20674 | D:15     | Bought a lumpy brown potion for 28 gold pieces
 20674 | D:15     | Bought a lumpy brown potion for 28 gold pieces
 20979 | D:15     | Found a staircase to the Depths.
 21028 | D:15     | Bought a scroll labelled LAURGH VOTO for 32 gold pieces
 21028 | D:15     | Bought a scroll labelled RUSTUOLYIR for 32 gold pieces
 21303 | Lair:1   | Entered Level 1 of the Lair of Beasts
 21303 | Lair:1   | Noticed Sonja
 21304 | Lair:1   | Killed Sonja
 22039 | Lair:1   | Noticed Amaemon
 22047 | Lair:1   | Killed Amaemon
 22167 | Lair:1   | Noticed Gastronok
 22186 | Lair:1   | Killed Gastronok
 23349 | Lair:2   | Found a staircase to the Snake Pit.
 23480 | Lair:2   | Reached skill level 22 in Spellcasting
 23862 | Lair:2   | Reached skill level 10 in Fire Magic
 24163 | Lair:2   | Found a staircase to the Swamp.
 24747 | Lair:3   | Offered knowledge of Bombard by Vehumet.
 24755 | Lair:3   | Learned a level 6 spell: Bombard
 25909 | Lair:3   | Identified 2 scrolls of acquirement
 25954 | Lair:4   | Noticed Nessos
 25957 | Lair:4   | Killed Nessos
 25958 | Lair:4   | Reached XP level 15. HP: 60/84 MP: 26/43
 25995 | Lair:4   | Noticed Snorg
 26161 | Lair:4   | Killed Snorg
 26357 | Lair:4   | Found a frozen archway.
 26372 | IceCv    | Entered an ice cave
 26457 | IceCv    | Found a transporter.
 26482 | IceCv    | Found a transporter.
 26498 | IceCv    | Killed from afar by an ice statue

Illustrated notes

Levels and vault maps discovered:
D:1:      tarquinn_simple_flora_water_a, layout_basic, st_stairs_1
D:2:      layout_rooms, dreamdust_ecumenical_altar_statues, serial_shops, shop,
          shop, shop
D:3:      layout_loops_ring, serial_rivers, chequers_serial_rivers_room_a,
          chequers_serial_rivers_micro_e, chequers_serial_rivers_small_b,
          chequers_serial_rivers_micro_b, chequers_serial_rivers_micro_b
D:4:      layout_rooms, nicolae_gozag_zags_fifth_avenue,
          minmay_temple_entry_steel_oval, uniq_blork_the_orc
D:5:      layout_layer_cave, mainiacjoe_overflow_small_starburst,
          mainiacjoe_overflow_cross_hatched, serial_shops,
          nicolae_shop_tiny_waterfront
D:6:      layout_loops_ring, mainiacjoe_overflow_six_doors_small,
          minmay_hedge_maze
D:7:      minmay_octagon_keep, layout_loops_ring, minitemple,
          mainiacjoe_overflow_24_doors, uniq_prince_ribbit1
D:8:      layout_basic
D:9:      minmay_s_stair_smasher, layout_loops_corners,
          nicolae_overflow_hidden_temple, kennysheep_potato
D:10:     layout_basic, orc_0_dummy
D:11:     layout_stronghold, dpeg_lair_monsters, hangedman_abyss_or_decor_passed
D:12:     layout_grid_maze, worms_lemuel, uniq_jorgrun
D:13:     layout_rooms, serial_shops, shop, ebering_ghost_xom
D:14:     minmay_textured_paths, layout_gridville, david_vaults_3
D:15:     grunt_enter_depths_hoard, layout_irregular_city,
          hangedman_abyss_or_decor_stabs, serial_shops, shop,
          minmay_diced_spiral
Temple:   nicolae_temple_stand_before_the_council
Lair:1:   layout_regular_city, uniq_gastronok, uniq_sonja, uniq_amaemon
Lair:2:   layout_regular_city, minmay_swamp_entry_eels,
          minmay_snake_entry_guardpost_small
Lair:3:   layout_concentric_octagons, grunt_megastairs_1, lemuel_fruit_tree
Lair:4:   layout_regular_city, nicolae_slime_entry_slimehenge,
          portal_ice_cave_entry_animals_and_master, evilmike_ambush
          [evilmike_ambush_outer_pillars, evilmike_ambush_inner_basic],
          grunt_megastairs_2, uniq_snorg, uniq_nessos
IceCv:    ice_cave_statue_garden_transporter

Skill      XL: |  1  2  3  4  5  6  7  8  9 10 11 12 13 14 15 |
---------------+----------------------------------------------+-----
Spellcasting   | 5 6 8 9 11 13 15 17 19 20 22 | 22.7
Fighting       | 1 2 4 5 6 |  6.0
Armour         | 1 2 3 5 6 |  6.0
Conjurations   | 2 3 4 6 7 9 10 11 12 13 14 | 14.0
Dodging        | 3 |  3.2
Stealth        | 3 |  3.0
Poison Magic   | 1 |  1.0
Air Magic      | 1 |  1.0
Evocations     | 1 |  1.0
Transmutations | 1 |  1.1
Fire Magic     | 4 6 8 10 | 10.6
Shields        | 3 5 6 |  6.3
Summonings     | |  1.1
Translocations | |  1.1

Action                     |  1- 3 |  4- 6 |  7- 9 | 10-12 | 13-15 || total
---------------------------+-------+-------+-------+-------+-------++-------
  Melee: Dagger            |     3 |    38 |    70 |       |       ||   111
         Short sword       |       |       |    65 |       |       ||    65
         Punch             |       |       |     3 |     5 |       ||     8
         Long sword        |       |       |    24 |   234 |    74 ||   332
   Cast: Magic Dart        |    80 |    74 |   313 |   108 |    25 ||   600
         Mephitic Cloud    |       |     9 |    43 |   114 |    49 ||   215
         Call Imp          |       |     2 |     7 |    11 |     1 ||    21
         Blink             |       |       |     1 |    10 |    12 ||    23
         Ignite Poison     |       |       |       |    59 |    24 ||    83
         Flame Wave        |       |       |       |    14 |    12 ||    26
         Fireball          |       |       |       |       |   184 ||   184
         Irradiate         |       |       |       |       |    35 ||    35
         Orb of Destructio |       |       |       |       |    15 ||    15
         Iskenderun's Batt |       |       |       |       |     4 ||     4
  Evoke: Wand              |       |       |       |       |     4 ||     4
    Use: Scroll            |       |       |       |       |    11 ||    11
   Stab: Confused          |       |     6 |    17 |    27 |     8 ||    58
         Sleeping          |       |       |     1 |       |       ||     1
         Distracted        |       |       |       |     2 |       ||     2
 Armour: Robe              |    14 |    34 |    59 |       |       ||   107
         Troll leather arm |       |       |    68 |    82 |       ||   150
         Ring mail         |       |       |       |   128 |    49 ||   177
         Scale mail        |       |       |       |       |   121 ||   121
  Dodge: Dodged            |    24 |    39 |   132 |   132 |    73 ||   400
  Block: Other             |       |       |    10 |    54 |    23 ||    87
         Reflection        |       |       |       |     4 |     6 ||    10
         Buckler           |       |       |       |       |    67 ||    67

Table legend: (Time is in decaauts)
 A = Elapsed time spent in this place.
 B = Non-inter-level travel time spent in this place.
 C = Inter-level travel time spent in this place.
 D = Time resting spent in this place.
 E = Time spent auto-exploring this place.
 F = Levels seen in this place.
 G = Mean time per level.
                   A        B        C        D        E       F      G
               +--------+--------+--------+--------+--------+-----+--------+
         Total |  26554 |  24795 |   1759 |   3114 |  17464 |  21 | 1264.5 |
       Dungeon |  21587 |  19941 |   1646 |   2326 |  14108 |  15 | 1439.1 |
        Temple |     41 |     38 |      3 |      0 |      0 |   1 |   41.0 |
          Lair |   4799 |   4690 |    109 |    720 |   3353 |   4 | 1199.8 |
      Ice Cave |    125 |    125 |      0 |     68 |      3 |   1 |  125.0 |
               +--------+--------+--------+--------+--------+-----+--------+

Top non-repeatable levels by time:
    D:13: 1981 daAuts
    D:14: 1968 daAuts
    D:11: 1808 daAuts
     D:7: 1755 daAuts
    D:15: 1676 daAuts
     D:5: 1675 daAuts
    D:12: 1578 daAuts
     D:6: 1537 daAuts
     D:9: 1534 daAuts
  Lair:3: 1533 daAuts
  Lair:2: 1518 daAuts
  Lair:1: 1505 daAuts
    D:10: 1215 daAuts
     D:3: 1186 daAuts
     D:2: 1049 daAuts
